Map: Abyssal Reef LE

Players

Juxtapose

  • Race: Terran Terran
  • Spawn Location: 11:00

WeMustGo - Winner!

  • Race: Protoss Protoss
  • League: Platinum
  • Spawn Location: 5:00

VOD

https://youtu.be/nMiCc4QywZQ

Description

This was a fun match and I'm pleased with how I did. I'm going to continue experimenting with Bunker placement to protect my Mineral line early, and the Hellions didn't work so well but more Widow Mines I think are in order.

I'm going to experiment with a Reactor on the Factory more to quickly make about four Widow Mines, then switch that up with a Starport for Medivacs.

I was not prepared for the High Templar though when I was assaulting my opponent's natural.

Time

  • Played on: June 3, 2017, 11:38 a.m.
  • Length: 17:09
Show
View Real Time Build Order
Export as new Build Order

Juxtapose Terran 

Build Orders:  

Get SALT Encoding   

  12  0:01  SCV  
  13  0:13  SCV  
  14  0:18  Supply Depot  
  14  0:25  SCV  
  15  0:40  SCV  
  16  0:43  Barracks  
  16  0:52  SCV  
  17  0:59  Refinery  
  17  1:04  SCV  
  18  1:16  SCV  
  19  1:20  Supply Depot  
  19  1:28  SCV  
  20  1:33  Marine  
  20  1:38  Bunker  
  21  1:51  Marine  
  22  1:54  Orbital Command  
  22  2:03  Supply Depot  
  22  2:13  Barracks  
  22  2:16  Barracks Reactor  
  22  2:44  Command Center  
  22  2:55  Factory  
  22  2:57  Marine x2  
  24  3:03  Supply Depot  
  21  3:27  SCV, Refinery  
  20  3:39  SCV  
  20  3:41  Factory Reactor  
  21  3:45  Barracks Tech Lab  
  21  3:46  Marine x2  
  23  3:54  Command Center  
  23  4:09  Marine x2  
  25  4:18  Supply Depot  
  25  4:20  Hellion x2  
  29  4:29  Marine x2  
  31  4:32  Marine  
  32  4:42  Hellion x2  
  36  4:48  Engineering Bay  
  36  4:54  SCV  
  37  5:02  Widow Mine x2  
  41  5:10  SCV  
  42  5:22  SCV  
  39  5:34  SCV  
  37  5:47  Missile Turret  
  37  5:53  Missile Turret  
  37  5:54  Orbital Command  
  37  5:56  SCV  
  38  6:08  SCV  
  39  6:21  Factory Tech Lab  
  39  6:35  SCV  
  40  6:47  SCV  
  41  6:57  Siege Tank  
  44  7:02  SCV  
  44  7:03  SCV  
  46  7:10  Marine  
  46  7:14  SCV  
  48  7:15  SCV  
  49  7:25  Supply Depot  
  49  7:26  SCV  
  49  7:27  SCV  
  49  7:29  Siege Tank  
  54  7:38  SCV  
  54  7:40  SCV  
  54  7:44  Marine x3  
  59  7:52  SCV  
  60  8:01  Siege Tank, Marine x2  
  60  8:02  Marine  
  60  8:04  SCV, Refinery  
  67  8:07  Refinery  
  67  8:16  SCV  
  68  8:25  Marine  
  68  8:26  Marine x2  
  61  8:28  SCV  
  61  8:33  Siege Tank  
  65  8:40  SCV  
  61  8:43  Marine x2  
  55  8:52  SCV  
  51  8:58  Marine  
  51  9:01  Marine x2  
  46  9:04  SCV  
  46  9:05  Siege Tank  
  45  9:15  Marine  
  45  9:16  SCV  
  42  9:28  SCV  
  43  9:34  Marine x2  
  43  9:35  Marine  
  46  9:40  SCV  
  47  9:49  Siege Tank  
  47  9:52  Stimpack, Marine x2  
  50  9:53  SCV  
  50  9:55  Terran Infantry Weapons Level 1  
  53  10:05  SCV  
  54  10:10  SCV  
  55  10:17  SCV  
  54  10:22  SCV  
  55  10:29  SCV, Marine x2  
  55  10:30  Marine  
  55  10:33  Siege Tank  
  55  10:34  SCV  
  63  10:41  SCV  
  64  10:47  Marine x3  
  67  10:53  SCV  
  68  11:05  Command Center, Marine x2  
  68  11:07  Siege Tank  
  73  11:32  Marine  
  73  11:33  Marine x2  
  73  11:39  SCV  
  77  11:48  Supply Depot  
  77  11:49  Terran Infantry Armor Level 1  
  77  11:50  Marine  
  77  11:53  Combat Shields  
  78  11:55  Starport  
  78  12:09  SCV, Siege Tank  
  78  12:10  Supply Depot  
  82  12:21  SCV  
  71  12:42  Marine x3  
  47  12:59  Marine  
  47  13:00  Marine  
  48  13:11  Concussive Shells  
  15  13:35  Marine x2  
  15  13:36  Marine  
  6  13:43  SCV  
  7  13:53  Marine  
  7  13:55  SCV  
  5  14:51  SCV  
  6  14:56  Supply Depot  
  6  15:03  SCV  
  7  15:15  SCV  
  8  15:25  Barracks  
  8  15:28  SCV  
  9  15:40  SCV  
  10  15:52  SCV  
  10  15:55  Barracks  
  11  16:04  SCV  
  12  16:13  Barracks Reactor  
  12  16:18  Bunker  
  12  16:19  Orbital Command  
  12  16:30  Supply Depot  
  12  16:43  Barracks Tech Lab  
  12  16:51  Refinery  
  12  16:54  SCV  
Show
View Real Time Build Order
Export as new Build Order

WeMustGo Protoss - Winner!

Build Orders:  

Get SALT Encoding   

  12  0:02  Probe (Chrono Boost)  
  13  0:12  Probe (Chrono Boost)  
  14  0:21  Pylon  
  14  0:24  Probe (Chrono Boost)  
  15  0:40  Gateway  
  15  0:47  Probe (Chrono Boost)  
  16  0:58  Probe (Chrono Boost)  
  16  1:03  Assimilator  
  18  1:11  Probe (Chrono Boost)  
  18  1:21  Gateway  
  18  1:22  Probe (Chrono Boost)  
  19  1:27  Cybernetics Core  
  20  1:40  Pylon, Probe (Chrono Boost)  
  20  1:48  Assimilator  
  20  1:50  Probe (Chrono Boost)  
  21  2:01  Probe (Chrono Boost)  
  22  2:08  Adept  
  22  2:09  Adept  
  22  2:11  Probe (Chrono Boost)  
  27  2:26  Mothership Core (Chrono Boost)  
  29  2:30  Warp Gate  
  29  2:41  Nexus  
  29  2:55  Pylon  
  29  3:03  Pylon  
  27  3:38  Probe (Chrono Boost)  
  27  3:40  Stargate  
  28  3:45  Pylon  
  28  3:50  Pylon  
  28  3:51  Probe (Chrono Boost)  
  28  3:54  Probe (Chrono Boost)  
  31  4:03  Probe (Chrono Boost)  
  31  4:04  Forge  
  31  4:05  Probe (Chrono Boost)  
  32  4:13  Robotics Facility  
  32  4:15  Probe x2 (Chrono Boost)  
  34  4:26  Probe (Chrono Boost)  
  34  4:27  Probe (Chrono Boost)  
  36  4:31  Oracle  
  36  4:38  Probe (Chrono Boost)  
  41  4:39  Probe (Chrono Boost)  
  41  4:40  Protoss Ground Weapons Level 1  
  41  4:45  Gateway  
  41  4:49  Pylon  
  41  4:52  Probe x2 (Chrono Boost)  
  43  5:02  Probe (Chrono Boost)  
  43  5:04  Probe (Chrono Boost)  
  45  5:09  Oracle  
  45  5:13  Probe (Chrono Boost)  
  49  5:16  Probe (Chrono Boost)  
  50  5:23  Probe (Chrono Boost)  
  52  5:28  Probe (Chrono Boost)  
  52  5:36  Immortal  
  52  5:39  Assimilator  
  52  5:41  Assimilator  
  56  5:52  Probe (Chrono Boost)  
  56  5:55  Sentry  
  59  5:57  Stalker  
  59  6:02  Stalker  
  63  6:10  Warp Prism  
  63  6:12  Pylon  
  63  6:14  Pylon  
  63  6:16  Pylon x2  
  65  6:19  Pylon  
  65  6:22  Stalker  
  65  6:23  Pylon, Stalker  
  69  6:44  Observer  
  70  6:54  Stalker x3  
  70  7:00  Immortal  
  70  7:01  Twilight Council  
  76  7:07  Gateway  
  80  7:08  Gateway  
  80  7:11  Gateway  
  80  7:12  Gateway  
  80  7:37  Nexus, Pylon  
  80  7:38  Protoss Ground Armor Level 1, Pylon x2  
  79  8:13  Stalker x3  
  79  8:14  Zealot, Stalker  
  79  8:15  Zealot  
  79  8:16  Zealot  
  79  9:09  Immortal, Probe (Chrono Boost)  
  80  9:10  Probe x2 (Chrono Boost)  
  80  9:11  Stalker x2  
  80  9:12  Stalker x4  
  80  9:14  Protoss Ground Weapons Level 2  
  94  9:18  Templar Archives  
  94  9:20  Probe (Chrono Boost)  
  94  9:22  Probe (Chrono Boost)  
  94  9:23  Probe (Chrono Boost)  
  86  9:34  Probe (Chrono Boost)  
  86  9:35  Probe (Chrono Boost)  
  88  9:45  Observer  
  88  9:48  Probe (Chrono Boost)  
  88  9:49  Probe x2 (Chrono Boost)  
  90  9:58  Probe (Chrono Boost)  
  92  10:01  Probe x2 (Chrono Boost)  
  92  10:04  Observer  
  93  10:27  Probe (Chrono Boost)  
  96  10:28  Probe (Chrono Boost)  
  96  10:29  Assimilator x2, Probe (Chrono Boost)  
  96  10:30  High Templar x3  
  102  10:41  Probe (Chrono Boost)  
  103  10:50  Nexus  
  103  11:00  Psionic Storm  
  103  11:07  Assimilator  
  103  11:13  Sentry x2  
  107  11:24  Stalker  
  107  11:25  Stalker  
  111  11:30  Pylon  
  111  11:32  Pylon  
  111  11:35  Pylon  
  111  11:43  Pylon  
  111  11:45  Pylon  
  111  11:47  Assimilator  
  111  11:48  Pylon  
  108  12:23  Zealot x5  
  108  12:24  Zealot x2  
  119  12:54  Stalker x2  
  119  12:55  Stalker x4  
  119  12:56  Stalker  
  102  13:44  Zealot x5  
  102  13:45  Zealot x2  
  116  13:52  Probe (Chrono Boost)  
  116  13:53  Probe x2 (Chrono Boost)  
  120  14:03  Probe (Chrono Boost)  
  120  14:05  Probe (Chrono Boost)  
  120  14:06  Probe (Chrono Boost)  
  120  14:08  Assimilator  
  122  14:13  Probe (Chrono Boost)  
  125  14:17  Probe (Chrono Boost)  
  125  14:18  Probe (Chrono Boost)  
  125  14:24  Probe (Chrono Boost)  
  126  14:30  Probe (Chrono Boost)  
  123  14:39  Nexus  
  123  14:40  Assimilator  
  123  14:41  Pylon  
  123  14:42  Pylon  
  123  14:45  Pylon  
  123  14:47  Assimilator  
  123  15:17  Phoenix, Cybernetics Core  
  125  15:39  Phoenix  
  127  16:00  Phoenix  
  129  16:19  Nexus, Assimilator  
  129  16:22  Phoenix, Pylon x2  
  129  16:24  Assimilator  
  131  16:33  Stargate  
  131  16:34  Stargate  
  131  16:36  Stargate  
  131  16:38  Stargate  
  131  16:41  Fleet Beacon  
  131  16:44  Stargate, Phoenix  
  131  16:47  Stargate  
  132  16:54  Zealot  
  132  16:55  Zealot x6  
Tags
 
Add a new tag
Caveats
  • Supply blocks, unpowered buildings, or Contaminate may cause inaccurate times.
  • Supply counts are checked every 10 seconds.